Unix NetHack Version 3.7.0-97 Work-in-progress - last build Feb 8 2024 15:05:57 (6d6cdf8371b60126770a3d7b88910941cb14a054,branch:master). Game began 2024-02-18 10:04:51, ended 2024-02-18 10:09:41. elenmirie, neutral female gnomish Archeologist ------- ------ |..*..| |...<+ |.....| |....| -----.- |....- #### --.--- # ## ### # ##f ## # #### ## ##### # @ #### # ## r# ### -.-------# # -----------.--- |.......-# # |..........>..| |.......| ## # |.............+ |.....F..#0 ##-.............| |.......| |.............| |.......| |...[.........| --------- --------------- Elenmirie the Field Worker St:12 Dx:12 Co:15 In:12 Wi:12 Ch:13 Neutral Dlvl:2 $:0 HP:0(26) Pw:14(14) AC:8 Xp:3/52 T:1327 Latest messages: The grid bug misses! You miss the grid bug. The grid bug bites! You get zapped! You kill the grid bug! The large kobold hits! You miss the large kobold. You miss the large kobold. The large kobold hits! You miss the large kobold. The large kobold hits! You miss the large kobold. The large kobold hits! q - a curved sword (weapon in right hand). What do you want to wield? [- aemnq or ?*] a a - an uncursed +2 bullwhip (weapon in right hand). The large kobold hits! You kill the large kobold! What do you want to wield? [- aemnq or ?*] q q - a curved sword (weapon in right hand). You see here a statue of a lichen. With great effort you move the boulder. You try to move the boulder, but in vain. The giant rat bites! You miss the giant rat. The giant rat bites! Coco misses the giant rat. You miss the giant rat. The giant rat bites! Coco misses the giant rat. You miss the giant rat. The giant rat bites! Coco misses the giant rat. Coco bites the giant rat. The giant rat is killed! You see here a giant rat corpse. Coco eats a giant rat corpse. You miss the giant rat. You miss the giant rat. The giant rat bites! You miss the giant rat. The giant rat bites! You hit the giant rat. The giant rat bites! You die... Do you want your possessions identified? [ynq] (y) y Do you want to see your attributes? [ynq] (y) y Do you want an account of creatures vanquished? [ynaq] (y) y Do you want to see your conduct and achievements? [ynq] (y) y Do you want to see the dungeon overview? [ynq] (y) y Inventory: Weapons n - a blessed +1 boomerang m - an uncursed +0 orcish dagger a - an uncursed +2 bullwhip q - an uncursed +0 scimitar (weapon in right hand) Armor c - an uncursed +0 fedora (being worn) l - an uncursed +0 oilskin cloak (being worn) b - an uncursed +0 leather jacket (being worn) Comestibles d - 2 uncursed food rations Potions i - 2 uncursed potions of healing k - an uncursed potion of invisibility Rings j - a cursed ring of hunger Tools w - an uncursed sack containing 1 item e - an uncursed +0 pick-axe (alternate weapon; not wielded) t - an uncursed tinning kit (0:77) Gems/Stones p - an uncursed jet stone g - an uncursed touchstone Contents of the sack: 852 gold pieces Elenmirie the Archeologist's attributes: Background: You were a Field Worker, a level 3 female gnomish Archeologist. You were neutral, nominally on a mission for Camaxtli who was opposed by Quetzalcoatl (lawful) and Huhetotl (chaotic). You were right-handed. You were in the Dungeons of Doom, on level 2. You entered the dungeon 1327 turns ago. You had 52 experience points, 28 more were needed to attain level 4. Basics: You had 0 out of 26 hit points. You had all 14 energy points (spell power). Your armor class was 8. Your wallet was empty, but you had 852 zorkmids stashed away in your pack. Autopickup was on for '$' plus thrown. Final Characteristics: Your strength was 12 (limit:18/50). Your dexterity was 12 (limit:18). Your constitution was 15 (limit:18). Your intelligence was 12 (limit:19). Your wisdom was 12 (limit:18). Your charisma was 13 (limit:18). Final Status: You weren't hungry. You were unencumbered. You were wielding a saber. You were unskilled in saber. Final Attributes: You were devoutly aligned. You had automatic searching. You had infravision. You were guarded. You are dead. Miscellaneous: You never encountered a bones level. Total elapsed playing time was 4 minutes and 49 seconds. Major events: Turn 1: elenmirie the neutral female gnomish Archeologist entered the dungeon 1176: attained the rank of Field Worker (level 3) 1327: killed by a giant rat Vanquished creatures: a large kobold a giant rat 4 jackals 3 goblins 3 sewer rats 4 grid bugs 5 lichens 8 newts 29 creatures vanquished. No species were genocided or became extinct. Voluntary challenges: You were an atheist. You were illiterate. You never engraved Elbereth. You never genocided any monsters. You never polymorphed an object. You never changed form. You used no wishes. Achievement: You attained the rank of Field Worker. The Dungeons of Doom: levels 1 to 2 Level 1: Level 2: <- You were here. Final resting place for you, killed by a giant rat. Game over: ---------- / \ / REST \ / IN \ / PEACE \ / \ | elenmirie | | 852 Au | | killed by a | | giant rat | | | | | | 2024 | *| * * * | * _________)/\\_//(\/(/\)/\//\/|_)_______ Goodbye elenmirie the Archeologist... You died in The Dungeons of Doom on dungeon level 2 with 1025 points, and 852 pieces of gold, after 1327 moves. You were level 3 with a maximum of 26 hit points when you died.